 Dungeon Crawl Stone Soup version 0.30-a0-879-ga8ba668304 (webtiles) character file.

Game seed: 8171341493124675517

100 Pimp the Firebug (level 4, -1/32 HPs)
             Began as a Demonspawn Fire Elementalist on Mar 11, 2023.
             Slain by Grinder (4 damage)
             ... on level 3 of the Dungeon on Mar 12, 2023.
             The game lasted 00:11:12 (2154 turns).

Pimp the Firebug (Demonspawn Fire Elementalist)     Turns: 2154, Time: 00:11:12

Health: -1/32      AC:  5    Str:  7 (8)  XL:     4   Next: 47%
Magic:  5/7        EV: 12    Int: 16 (19) God:
Gold:   152        SH:  0    Dex: 11 (13) Spells: 1/7 levels left

rFire   . . .      SeeInvis .    f - +1 short sword
rCold   + . .      Faith    .    (no shield)
rNeg    . . .      Spirit   .    a - +0 robe
rPois   .          Reflect  .    (no helmet)
rElec   +          Rampage  .    (no cloak)
rCorr   .                        d - +2 pair of gloves "Usiqioj" {rElec}
Will    .....                    (no boots)
Stlth   ++                       (no amulet)
HPRegen 0.25/turn                r - +4 ring of slaying
MPRegen 0.10/turn                n - ring of protection from cold

@: brilliant
A: ignite blood 1, demonic touch 1, screaming 1
a: no special abilities


You were on level 3 of the Dungeon.
You visited 1 branch of the dungeon, and saw 4 of its levels.

You collected 152 gold pieces.

Inventory:

Hand Weapons
 f - a +1 short sword (weapon)
Armour
 a - a +0 robe (worn)
 d - the +2 pair of gloves "Usiqioj" (worn) {rElec}
   (You acquired it on level 3 of the Dungeon)

   rElec:     It insulates you from electricity.
Jewellery
 e - an amulet of guardian spirit
 h - a ring of protection from fire
 k - a ring of poison resistance
 n - a ring of protection from cold (right hand)
 r - a +4 ring of slaying (left hand)
Scrolls
 s - a scroll of blinking
Potions
 c - a potion of flight
 j - a potion of attraction


   Skills:
 + Level 1.1 Fighting
 + Level 0.7 Armour
 + Level 2.2 Dodging
 + Level 2.3 Stealth
 + Level 2.4 Spellcasting
 + Level 1.7 Conjurations
 + Level 0.9 Hexes
 + Level 3.2 Fire Magic


You had one spell level left.
You knew the following spells:

 Your Spells              Type           Power      Damage    Failure   Level
a - Foxfire               Conj/Fire      56%        2x1d6     7%          1
b - Scorch                Fire           36%        2d7       9%          2
c - Inner Flame           Hex/Fire       12%        N/A       26%         3

Your spell library contained the following spells:

 Spells                   Type           Power      Damage    Failure   Level
 Cigotuvi's Dreadful Rot  Necr/Pois/Air  4%         N/A       30%         2
 Poisonous Vapours        Pois/Air       4%         N/A       30%         2
 Sublimation of Blood     Necr           2%         N/A       30%         2
 Wereblood                Tmut           2%         N/A       30%         2
 Kindle Blastsparks       Fire/Tloc/Air  16%        2d11      36%         3
 Mephitic Cloud           Conj/Pois/Air  5%         N/A       43%         3
 Flame Wave               Conj/Fire      14%        2d6       56%         4
 Petrify                  Tmut/Erth      2%         N/A       89%         4
 Irradiate                Conj/Tmut      3%         3d12      98%         5
 Summon Hydra             Summ           1%         N/A       100%        7


Dungeon Overview and Level Annotations

Branches:
Dungeon (4/15)
 Temple: D:4-7

Altars:
Nemelex Xobeh

Shops:
D:3 *   D:4 (

Annotations:
D:3 Grinder


Innate Abilities, Weirdness & Mutations

Your demonic aura sometimes causes spilled blood to erupt in flames.
Your touch may inflict minor irresistible damage on your foes.
You occasionally shout uncontrollably at your foes.


Message History

Grinder is severely wounded.
Grinder closely misses you.
You feel less invigorated.
You feel less confused. Grinder gestures at you.
You suddenly lose the ability to move!
Grinder hits you.
You writhe in agony.
Grinder says, "DUCK!"
Grinder hits you.
You writhe in agony.
Grinder gestures at you. Pain shoots through your body!
* * * LOW HITPOINT WARNING * * *
You can move again.
You feel better. Grinder closely misses you.
You feel clever all of a sudden.
Grinder says, "Wait up."
Grinder hits you.
You writhe in agony.
Casting: Foxfire (safe; 7% risk of failure)
Confirm with . or Enter, or press ? or * to list all spells.
You feel a surge of power!
You conjure some foxfire!
Grinder blinks!
Casting: Foxfire (safe; 7% risk of failure)
Confirm with . or Enter, or press ? or * to list all spells.
You feel a surge of power!
You conjure some foxfire!
The foxfire hits Grinder.
Grinder is severely wounded.
The foxfire hits Grinder.
Grinder is severely wounded.
Grinder hits you.
* * * LOW HITPOINT WARNING * * *
You writhe in agony.
* * * LOW HITPOINT WARNING * * *
Casting: Foxfire (safe; 7% risk of failure)
Confirm with . or Enter, or press ? or * to list all spells.
You feel a surge of power!
You conjure some foxfire!
The foxfire hits Grinder.
Grinder is severely wounded.
The foxfire hits Grinder.
Grinder is almost dead.
Grinder hits you.
* * * LOW HITPOINT WARNING * * *
You writhe in agony.
You die...

******* #...,.* #.....**
######### *....,,,
#.v.....######.####*
###..@5...##........##
#.....v..........#....
#.##########.###.#..#*
#.# #..............##
#.# #.#....>.........
#.# *.#...#...S....).
#.####.#.#.#..###.####
#......5..<.⌠.⌠.....,.
**########.##.._..#.####


You could see Grinder (ally target).

Vanquished Creatures
  Jessica (D:3)
  An adder (D:3)
  An ufetubus (D:4)
  2 worms (D:2)
  2 dart slugs
  5 ball pythons
  4 endoplasms
  3 giant cockroaches
  5 goblins
  4 hobgoblins
  3 kobolds
  7 quokkas
  2 bats
  2 frilled lizards (D:1)
  2 rats
44 creatures vanquished.

Vanquished Creatures (collateral kills)
  An endoplasm (D:1)
  A kobold (D:1)
2 creatures vanquished.

Vanquished Creatures (others)
  113 foxfires
113 creatures vanquished.

Grand Total: 159 creatures vanquished

Notes
Turn   | Place    | Note
-------+----------+-------------------------------------------
     0 | D:1      | Pimp the Demonspawn Fire Elementalist began the quest for
                  | the Orb.
     0 | D:1      | Reached XP level 1. HP: 13/13 MP: 3/3
   174 | D:1      | Discovered your monstrous ancestry.
   174 | D:1      | Gained mutation: Your touch may inflict minor irresistible
                  | damage on your foes. [demonic ancestry]
   174 | D:1      | Reached XP level 2. HP: 7/19 MP: 0/5
   987 | D:2      | Reached XP level 3. HP: 10/25 MP: 1/6
  1071 | D:2      | Learned a level 2 spell: Scorch
  1075 | D:2      | Learned a level 3 spell: Inner Flame
  1075 | D:2      | Upgraded the game from 0.30-a0-870-gc5d4c5acee to
                  | 0.30-a0-879-ga8ba668304
  1099 | D:2      | Reached skill level 3 in Fire Magic
  1322 | D:2      | Gained mutation: You occasionally shout uncontrollably at
                  | your foes. [potion of mutation]
  1704 | D:3      | Found Hoak's General Store.
  1706 | D:3      | Identified a scroll of acquirement
  1706 | D:3      | Acquired the +2 pair of gloves "Usiqioj" {rElec}
  1824 | D:3      | Noticed Jessica
  1839 | D:3      | Killed Jessica
  1840 | D:3      | Reached skill level 1 in Fighting
  1840 | D:3      | Gained mutation: Your demonic aura sometimes causes spilled
                  | blood to erupt in flames. [demonic ancestry]
  1840 | D:3      | Reached XP level 4. HP: 30/32 MP: 2/7
  1961 | D:3      | Found a sparkling altar of Nemelex Xobeh.
  1973 | D:3      | Noticed Grinder
  2010 | D:4      | Found Laumeosun's Weapon Emporium.
  2110 | D:3      | Paralysed by Grinder for 4 turns
  2131 | D:3      | Paralysed by Grinder for 5 turns
  2137 | D:3      | HP: 1/32 [Grinder (2)]
  2146 | D:3      | Paralysed by Grinder for 4 turns
  2154 | D:3      | Slain by Grinder

Illustrated notes

Levels and vault maps discovered:
D:1:      dpeg_arrival_connections, layout_basic, st_stairs_5
D:2:      layout_rooms
D:3:      layout_basic, nemelex_xobeh_ov_fountains_minmay, serial_shops, shop,
          ebering_dispersal_statue_hall, uniq_grinder, uniq_jessica,
          uniq_sigmund
D:4:      layout_cave_pools, mainiacjoe_overflow_alcove_4, kennysheep_mini,
          minmay_temple_entry_large_hall, serial_column_ruins,
          column_ruins_courtyard_long, column_ruins_open_small,
          column_ruins_grid_1, column_ruins_open_small_water,
          column_ruins_open_small, column_ruins_columns_dead_end,
          column_ruins_corridor_corner, serial_shops, shop, sigmund_army

Skill      XL: |  1  2  3 |
---------------+----------+-----
Stealth        | 2 |  2.3
Dodging        | 2 |  2.2
Fire Magic     | 3 |  3.2
Fighting       | 1 |  1.1
Armour         | |  0.7
Spellcasting   | |  2.4
Conjurations   | |  1.7
Hexes          | |  0.9

Action                     |  1- 3 |  4- 6 || total
---------------------------+-------+-------++-------
  Melee: Unarmed           |    16 |       ||    16
         Short sword       |    26 |    10 ||    36
         Touch             |     7 |     1 ||     8
         Punch             |     1 |       ||     1
   Cast: Foxfire           |    52 |    21 ||    73
    Use: Potion            |     3 |     4 ||     7
         Scroll            |     8 |     6 ||    14
   Stab: Sleeping          |     1 |       ||     1
 Armour: Robe              |     8 |     2 ||    10
  Dodge: Dodged            |    31 |    20 ||    51

Table legend: (Time is in decaauts)
 A = Elapsed time spent in this place.
 B = Non-inter-level travel time spent in this place.
 C = Inter-level travel time spent in this place.
 D = Time resting spent in this place.
 E = Time spent auto-exploring this place.
 F = Levels seen in this place.
 G = Mean time per level.
                   A        B        C        D        E       F      G
               +--------+--------+--------+--------+--------+-----+--------+
         Total |   2151 |   2105 |     46 |    139 |   1375 |   4 |  537.8 |
       Dungeon |   2151 |   2105 |     46 |    139 |   1375 |   4 |  537.8 |
               +--------+--------+--------+--------+--------+-----+--------+

Top non-repeatable levels by time:
     D:1: 949 daAuts
     D:2: 592 daAuts
     D:3: 588 daAuts
     D:4: 20 daAuts
